 Dungeon Sprint DCSS version 0.32-a0-39-g5c88369fb2 (webtiles) character file.

Game seed: 8864738869757425402

1637 Conn the Arsonist (level 8, -13/82 HPs)
             Began as an Octopode Fire Elementalist on Feb 3, 2024.
             Was a Priest of Sif Muna.
             Killed by an exploding death drake (22 damage)
             ... ignited by their inner flame
             ... in the Dungeon (Sprint II: "The Violet Keep of Menkaure").
             The game lasted 00:12:28 (579 turns).

Conn the Arsonist (Octopode Fire Elementalist)       Turns: 579, Time: 00:12:28

Health: -13/82     AC: 24    Str: 11    XL:     8   Next: 98%
Magic:  16/37      EV:  2    Int: 19    God:    Sif Muna [***...]
Gold:   34         SH:  0    Dex: 12    Spells: 10/22 levels left

rFire   . . .        (no weapon)
rCold   . . .        (no shield)
rNeg    . . .        (helmet currently unavailable)
rPois   +            (no amulet)
rElec   .            d - ring of magical power
rCorr   .            h - ring "Legip" {Will+ MP+9 Str+3 Slay-5 SInv}
SInv    +            (no ring)
Will    +....        (no ring)
Stlth   ++           (no ring)
HPRegen 0.33/turn    (no ring)
MPRegen 0.25/turn    (no ring)
                     (no ring)

%: no teleportation
@: tree-form, slowed, very slow
A: stationary, stasis, torment immunity, boosted hp, almost no armour,
(amphibious), 8 rings, (camouflage 1), (gelatinous body 1), (nimble swimmer 1),
(tentacles)
a: Renounce Religion, Channel Magic, Forget Spell


You were in the Dungeon.
You worshipped Sif Muna.
Sif Muna was most pleased with you.
You were a tree.
You visited 1 branch You collected 729 gold pieces.
You spent 695 gold pieces at shops.

Inventory:

Jewellery
 d - a ring of magical power (left branch)
 h - the ring "Legip" (right branch) {Will+ MP+9 Str+3 Slay-5 SInv}
   (You bought it in a shop in the Dungeon)

   [ring of magical power]

   Str+3:     It affects your strength (+3).
   Slay-5:    It affects your accuracy & damage with ranged weapons and melee
   (-5).
   Will+:     It increases your willpower.
   MP+9:      It affects your magic capacity (+9).
   SInv:      It lets you see invisible.
Scrolls
 f - a scroll of blinking
Potions
 a - 3 potions of magic


   Skills:
 + Level 5.1 Fighting
 + Level 7.2 Dodging
 - Level 4.1 Stealth
 + Level 7.7 Spellcasting
 + Level 7.4 Conjurations
 + Level 5.0 Hexes
 * Level 4.5 Translocations
 + Level 9.5 Fire Magic
 * Level 7.8 Invocations


You had 10 spell levels left.
You knew the following spells:

 Your Spells              Type           Power      Damage    Failure   Level
a - Foxfire               Conj/Fire      100%       2x1d9     1%          1
b - Scorch                Fire           86%        2d8       1%          2
c - Inner Flame           Hex/Fire       35%        N/A       1%          3
d - Flame Wave            Conj/Fire      39%        2d11      2%          4
e - Blink                 Tloc           48%        N/A       2%          2

Your spell library contained the following spells:

 Spells                   Type           Power      Damage    Failure   Level
 Momentum Strike          Conj/Tloc      60%        3d9       1%          2
 Volatile Blastmotes      Fire/Tloc      68%        2d15      1%          3
 Lesser Beckoning         Tloc           48%        N/A       2%          2


Dungeon Overview and Level Annotations

Branches:
Dungeon (1/1)

Altars:
Cheibriados
Dithmenos
Elyvilon
Fedhas
Gozag
Hepliaklqana
Kikubaaqudgha
Makhleb
Nemelex Xobeh
Okawaru
Qazlal
Ru
Sif Muna
Trog
Uskayaw
Vehumet
Wu Jian
Xom
Yredelemnul
Zin
The Shining One
Jiyva
Lugonu

Shops:
D :[::*?[?:(!=[=!

Annotations:
D exclusion: oklob plant, Roxanne


Innate Abilities, Weirdness & Mutations

You are a tree.
Your roots penetrate the ground, keeping you stationary.
You cannot be teleported.
You are immune to unholy pain and torment.
Your maximum health is greatly increased.
You cannot wear most types of armour.
((You are amphibious.))
You can wear up to eight rings at the same time.
((Your skin changes colour to match your surroundings (Stealth+).))
((Your rubbery body absorbs attacks. (AC +1, EV +1)))
((You are camouflaged when in or above water. (Stealth+)))
((You have tentacles for arms and can constrict up to eight enemies at once.))


Message History

Confirm with . or Enter, or press ? or * to list all spells.
Flames lash the death drake.
Flame seeps out of the death drake.
The death drake is lightly wounded.
The death drake's fire resistance burns away.
The death drake is engulfed in blazing flames.
Flame seeps out of the death drake.
As you read the scroll labelled ZUENOPHE VUDU, it crumbles to dust.
It is a scroll of enchant armour.
You aren't carrying any armour which can be enchanted further.
The death drake completely misses you. The death drake breathes miasma at you.
The foul vapour engulfs you!
Okay, then.
Unknown command.
Unknown command.
Unknown command.
Unknown command.
Casting: Scorch (safe; 1% risk of failure)
Confirm with . or Enter, or press ? or * to list all spells.
Flames lash the death drake but do no damage.
You are engulfed in dark miasma.
* * * LOW HITPOINT WARNING * * *
The death drake breathes miasma at you.
The foul vapour engulfs you but does no damage.
The death drake bites you but does no damage.
Casting: Scorch (safe; 1% risk of failure)
Confirm with . or Enter, or press ? or * to list all spells.
Flames lash the death drake.
The death drake is burned terribly!
Flame seeps out of the death drake.
The death drake is heavily wounded.
You are engulfed in dark miasma.
* * * LOW HITPOINT WARNING * * *
The death drake is engulfed in blazing flames.
Flame seeps out of the death drake.
The death drake bites you but does no damage.
The death drake is engulfed in blazing flames.
Sif Muna accepts your kill.
The death drake explodes!
The fiery explosion engulfs you!!
You die...

+~.§§~8 ##.~~~~ ~## ...
###~~#+++#+++## ##~~~.........#
.^ . ∩#~~~~.##'##..# #. k
.#~~~~##...##.#### +.##k )▓:)?$
.#~~~~#..#..#....# ...# ##▓?"?!
.#~~####.).####§♣## #°.# $#▓:)$[
.#~##.###'###.##○.# +°.# y#▓??:[
.#~#...##.###..#§.# #°.# .#▓$$)$
.'~'.##'.<.'.##'..####°.##.#▓?!(?
.#†#...##.###..#...§###...##▓▓▓▓▓
##~##.###+# #.##......k†~~~~~~~~~
##~~### $#. ###~~...§.~#'########
##†~~#.B B.#~~~§~~§..~#._._._..#
#'#~##. .##~~~§~~~~.§#.._._._.#


There were no monsters in sight!

Vanquished Creatures
  A death drake (D)
  A merfolk siren (D)
  3 polar bears (D)
  A hornet (D)
  2 crocodiles (D)
  4 necrophages (D)
  4 scorpions (D)
  A hell rat (D)
17 creatures vanquished.

Vanquished Creatures (others)
  Menkaure (D)
  22 foxfires (D)
23 creatures vanquished.

Grand Total: 40 creatures vanquished

Notes
Turn   | Place    | Note
-------+----------+-------------------------------------------
     0 | D        | Conn the Octopode Fire Elementalist began the quest for the
                  | Orb.
     0 | D        | Reached XP level 1. HP: 11/11 MP: 3/3
     2 | D        | Noticed a necrophage
     2 | D        | Noticed a necrophage
     2 | D        | Noticed a necrophage
     2 | D        | Noticed a necrophage
    13 | D        | Killed a necrophage
    14 | D        | Reached skill level 6 in Fire Magic
    14 | D        | Reached XP level 2. HP: 17/17 MP: 0/6
    14 | D        | Reached XP level 3. HP: 21/21 MP: 0/8
    16 | D        | Killed a necrophage
    17 | D        | Reached XP level 4. HP: 27/27 MP: 0/10
    20 | D        | Killed a necrophage
    21 | D        | Reached skill level 5 in Spellcasting
    21 | D        | Reached skill level 7 in Fire Magic
    21 | D        | Reached XP level 5. HP: 31/31 MP: 1/12
    34 | D        | Reached skill level 5 in Conjurations
    34 | D        | Reached skill level 8 in Fire Magic
    34 | D        | Reached XP level 6. HP: 21/36 MP: 0/14
    42 | D        | Learned a level 2 spell: Scorch
    46 | D        | Learned a level 3 spell: Inner Flame
    51 | D        | Learned a level 4 spell: Flame Wave
    54 | D        | Found Ycull's Jewellery Emporium.
    54 | D        | Found Kagoafito's Book Shoppe.
    54 | D        | Found Bimef's Magic Scroll Emporium.
    54 | D        | Found Hathid's Antique Armour Shoppe.
    54 | D        | Found Ciaf Zei's Distillery.
    54 | D        | Found Xeutwaco's Magic Scroll Emporium.
    55 | D        | Found Xiqesher's Book Shoppe.
    55 | D        | Found Vutota's Antique Armour Shoppe.
    55 | D        | Found Mizuh's Distillery.
    55 | D        | Found Dotzy's Antique Weapon Emporium.
    56 | D        | Found Vogijosa's Book Shoppe.
    56 | D        | Found Remuen's Antique Armour Emporium.
    56 | D        | Noticed a shining eye
    57 | D        | Found Jocyel's Jewellery Shoppe.
    57 | D        | Found Eppenu Moeli's Assorted Antiques.
    57 | D        | Noticed a shining eye
    58 | D        | Noticed a shining eye
    58 | D        | Noticed an oklob plant
    59 | D        | Found Egipap's Book Shoppe.
    62 | D        | Noticed a wyvern
    62 | D        | Noticed a wyvern
    62 | D        | Noticed a wyvern
    66 | D        | Noticed a redback
    67 | D        | Bought a small marble ring for 120 gold pieces
    96 | D        | Bought a potion of lignification for 42 gold pieces
   110 | D        | Killed Menkaure
   122 | D        | Found a glowing silver altar of Zin.
   122 | D        | Found a radiant altar of Vehumet.
   123 | D        | Found a glowing golden altar of the Shining One.
   123 | D        | Found a hide-covered altar of Uskayaw.
   123 | D        | Found a sparkling altar of Nemelex Xobeh.
   123 | D        | Found a basalt altar of Yredelemnul.
   124 | D        | Found a shimmering altar of Xom.
   124 | D        | Found a bloodstained altar of Trog.
   124 | D        | Found a burning altar of Makhleb.
   125 | D        | Found an ornate altar of the Wu Jian Council.
   125 | D        | Found a shimmering blue altar of Sif Muna.
   125 | D        | Found a corrupted altar of Lugonu.
   126 | D        | Found a sacrificial altar of Ru.
   126 | D        | Found an ancient bone altar of Kikubaaqudgha.
   126 | D        | Found a white marble altar of Elyvilon.
   127 | D        | Found a stormy altar of Qazlal.
   127 | D        | Found a viscous altar of Jiyva.
   127 | D        | Found a shadowy altar of Dithmenos.
   128 | D        | Found a hazy altar of Hepliaklqana.
   128 | D        | Found a snail-covered altar of Cheibriados.
   132 | D        | Found a blossoming altar of Fedhas.
   133 | D        | Reached skill level 5 in Dodging
   133 | D        | Found an opulent altar of Gozag.
   133 | D        | Found an iron altar of Okawaru.
   136 | D        | Became a worshipper of Sif Muna the Loreminder
   147 | D        | Noticed a kraken
   171 | D        | Reached skill level 1 in Fighting
   171 | D        | Reached skill level 1 in Hexes
   174 | D        | Reached * piety under Sif Muna
   175 | D        | Reached XP level 7. HP: 28/45 MP: 5/16
   188 | D        | Noticed a boulder beetle
   188 | D        | Noticed a boulder beetle
   192 | D        | Noticed a merfolk siren
   196 | D        | Killed a merfolk siren
   197 | D        | Reached skill level 5 in Invocations
   226 | D        | Bought a book of Spatial Translocations for 180 gold pieces
   229 | D        | Learned a level 2 spell: Blink
   244 | D        | Bought a scroll of fear for 44 gold pieces
   246 | D        | Bought the ring "Legip" {Will+ MP+9 Str+3 Slay-5 SInv} for
                  | 309 gold pieces
   357 | D        | Reached skill level 1 in Translocations
   357 | D        | Reached skill level 9 in Fire Magic
   487 | D        | Reached ** piety under Sif Muna
   488 | D        | Reached XP level 8. HP: 54/54 MP: 18/18
   528 | D        | Noticed Roxanne
   545 | D        | Noticed a polar bear
   546 | D        | Noticed a yaktaur
   546 | D        | Noticed a hornet
   547 | D        | Noticed a polar bear
   552 | D        | Killed a polar bear
   553 | D        | Noticed a death drake
   555 | D        | Noticed a polar bear
   558 | D        | Killed a polar bear
   558 | D        | Killed a polar bear
   558 | D        | Reached *** piety under Sif Muna
   559 | D        | Killed a hornet
   560 | D        | Reached skill level 5 in Fighting
   560 | D        | Reached skill level 5 in Hexes
   579 | D        | Killed a death drake
   579 | D        | Killed by an exploding death drake... ignited by their
                  | inner flame

Illustrated notes

Levels and vault maps discovered:
D:        the_violet_keep_of_menkaure [sprint2_stairs_cluster_1,
          sprint2_shoproom, sprint2_temple, sprint2_basic_supplies,
          sprint2_obstacle_7, sprint2_obstacle_3, sprint2_obstacle_6,
          sprint2_obstacle_5, sprint2_obstacle_4, sprint2_timed_cluster_1,
          sprint2_smallroom_cluster_1, sprint2_smallroom_final_cluster_1,
          sprint2_transparent_cluster_1, sprint2_second_timed_cluster_1,
          sprint2_sniper_area_1, sprint2_heavy_combat_area_1,
          sprint2_mutation_trap_area_1, sprint2_forest_area_1,
          sprint2_light_combat_area_1, sprint2_behind_water_1,
          sprint2_near_end_vault_1]

Skill      XL: |  1  2  3  4  5  6  7  8 |
---------------+-------------------------+-----
Dodging        | 3 4 5 6 7 |  7.2
Stealth        | 4 |  4.1
Spellcasting   | 3 4 5 6 7 |  7.7
Fire Magic     | 6 7 8 9 |  9.5
Conjurations   | 3 4 5 6 7 |  7.4
Fighting       | 2 4 5 |  5.1
Hexes          | 2 3 5 |  5.0
Invocations    | 3 6 7 |  7.8
Translocations | 1 4 |  4.5

Action                     |  1- 3 |  4- 6 |  7- 9 || total
---------------------------+-------+-------+-------++-------
  Melee: Unarmed           |     6 |    12 |     1 ||    19
         Tentacles         |     5 |     2 |       ||     7
         Constrict         |     2 |     3 |       ||     5
   Cast: Foxfire           |     2 |     9 |     3 ||    14
         Scorch            |       |     6 |    15 ||    21
         Inner Flame       |       |       |     5 ||     5
         Blink             |       |       |     1 ||     1
         Flame Wave        |       |       |     1 ||     1
    Use: Potion            |     2 |       |     3 ||     5
         Scroll            |       |       |     2 ||     2
 Armour: Skin              |       |     7 |    16 ||    23
  Dodge: Dodged            |     3 |    13 |    10 ||    26

Table legend: (Time is in decaauts)
 A = Elapsed time spent in this place.
 B = Non-inter-level travel time spent in this place.
 C = Inter-level travel time spent in this place.
 D = Time resting spent in this place.
 E = Time spent auto-exploring this place.
 F = Levels seen in this place.
 G = Mean time per level.
                   A        B        C        D        E       F      G
               +--------+--------+--------+--------+--------+-----+--------+
         Total |    575 |    575 |      0 |    203 |      0 |   1 |  575.0 |
       Dungeon |    575 |    575 |      0 |    203 |      0 |   1 |  575.0 |
               +--------+--------+--------+--------+--------+-----+--------+

Top non-repeatable levels by time:
       D: 575 daAuts
